AoeStats
← RagnarLothbrok

Arena

509072702Analyzed
4v4 RM · 7d ago on Sep 25, 2026· 28m 54s· 8 players
Game mode
Random Map
Map size
Large (8 player)
Population
200
Speed
Normal
Resources
Standard
Victory
Conquest
Starting age
Dark Age
Ending age
Imperial Age
RankedLock teamsTeams togetherTeam positionsShared explorationLock speedFull tech treeHidden civsTurbo modeCheats
Victory
Defeat
🇦🇺 Cumans · Australia
1526
+13
🇻🇳 Spanish · Vietnam
1522
+13
🇦🇺 Danes · Australia
1470
+15
🇧🇷 Magyars · Brazil
1469
+15
🇨🇿 Spanish · Czechia
1495
-15
🇺🇦 Ethiopians · Ukraine
1466
-15
🇨🇳 Japanese · China
1431
-13
🇻🇪 Mongols · Venezuela
1423
-13
Josephine Explosiphine
10:05 Feudal Age
10:44 Double-Bit Axe
13:41 Castle Age
12:39 Horse Collar
15:11 Bow Saw
17:12 Scale Mail Armor
18:58 Gold Mining
21:19 Arson
23:31 Forging
25:13 Wheelbarrow
24:23 Loom
26:09 Chain Mail Armor
26:42 Iron Casting
26:14 Squires
27:40 Stone Mining
29:32 Stone Shaft Mining
ResonanceFreq
8:01 Feudal Age
8:50 Double-Bit Axe
10:02 Horse Collar
14:31 Wheelbarrow
18:47 Castle Age
17:38 Gold Mining
18:55 Scale Barding Armor
19:42 Bow Saw
19:34 Heavy Plow
18:56 Capped Ram
21:13 Bloodlines
21:26 Chain Barding Armor
23:45 Gold Shaft Mining
26:04 Forging
26:41 Loom
27:11 Hand Cart
26:43 Town Watch
28:07 Iron Casting
30:34 Imperial Age
luanb10
10:29 Feudal Age
14:19 Castle Age
12:48 Double-Bit Axe
26:33 Wheelbarrow
26:08 Fletching
PedrodeMatos
10:32 Feudal Age
14:33 Castle Age
12:21 Double-Bit Axe
12:19 Horse Collar
21:14 Wheelbarrow
21:33 Loom
24:00 Loom
27:28 Imperial Age
25:14 Masonry
25:06 Fletching
26:02 Bodkin Arrow
28:16 Bracer
28:46 Hand Cart
29:40 Chemistry
28:43 Heavy Cavalry Archer
fall
10:59 Feudal Age
14:47 Castle Age
13:27 Double-Bit Axe
13:57 Horse Collar
15:20 Fletching
16:39 Masonry
RagnarLothbrok
9:42 Feudal Age
14:24 Castle Age
12:23 Horse Collar
13:26 Double-Bit Axe
15:22 Bow Saw
15:33 Heavy Plow
16:09 Loom
16:46 Loom
18:08 Loom
20:45 Wheelbarrow
23:01 Gold Mining
24:10 Stone Mining
25:53 Stone Shaft Mining
25:53 Gold Shaft Mining
Youte_GG Mozart
10:04 Feudal Age
13:42 Castle Age
11:31 Double-Bit Axe
12:39 Horse Collar
14:46 Loom
15:38 Bow Saw
22:16 Wheelbarrow
22:28 Town Watch
22:55 Heavy Plow
27:41 Imperial Age
26:22 Gold Mining
630406632
10:57 Feudal Age
15:17 Castle Age
13:34 Double-Bit Axe
13:45 Horse Collar
16:20 Bow Saw
18:43 Scale Mail Armor
18:58 Arson
20:51 Squires
22:04 Forging
22:55 Loom
23:46 Wheelbarrow
23:24 Gold Mining
25:37 Iron Casting
25:06 Gambesons
25:44 Stone Mining
26:21 Pikeman
27:42 Fletching
29:47 Gold Shaft Mining
29:19 Bodkin Arrow
Connection lost

Rejoining the realm…

Still unreachable

The connection could not be restored.

Session expired

The server has moved on; the page needs a fresh start.